 Dungeon Crawl Stone Soup version 0.19.1 (webtiles) character file.

91 empire the Skirmisher (level 4, -3/33 HPs)
             Began as a High Elf Skald on Dec 21, 2016.
             Was an Initiate of Sif Muna.
             Slain by an ogre
             ... wielding a +0 giant spiked club
              (21 damage)
             ... on level 4 of the Dungeon.
             The game lasted 00:06:49 (2913 turns).

empire the Skirmisher (High Elf Skald)              Turns: 2913, Time: 00:06:50

Health: -3/33      AC:  5    Str: 11    XL:     4   Next: 33%
Magic:  6/8        EV: 10    Int: 15    God:    Sif Muna [......]
Gold:   153        SH:  4    Dex: 16    Spells: 2 memorised, 4 levels left

rFire  . . .     SeeInvis .     a - +1 long sword
rCold  . . .     Gourm    .     Z - +0 ring mail
rNeg   . . .     Faith    .     (no shield)
rPois  .         Spirit   .     (no helmet)
rElec  .         Reflect  +     (no cloak)
rCorr  .         Harm     .     (no gloves)
MR     .....                    (no boots)
Stlth  +.........               d - +4 amulet of reflection
                                (no ring)
                                (no ring)

@: infused
A: no striking features
a: Renounce Religion


You were on level 4 of the Dungeon.
You worshipped Sif Muna.
Sif Muna was noncommittal.
You were hungry.

You visited 1 branch of the dungeon, and saw 4 of its levels.

You collected 153 gold pieces.

Inventory:

Hand Weapons
 a - a +1 long sword (weapon)
 b - a +3 morningstar
Missiles
 g - 8 poisoned needles
Armour
 v - a +0 helmet
 Z - a +0 ring mail (worn)
Jewellery
 d - a +4 amulet of reflection (around neck)
Scrolls
 i - 2 scrolls of teleportation
 j - a scroll of enchant weapon
 l - a scroll of recharging {unknown}
 o - a scroll of remove curse {unknown}
 p - a scroll of enchant armour {unknown}
 r - a scroll of random uselessness {unknown}
 s - a scroll of fear {unknown}
Potions
 e - 2 potions of cancellation
 f - a potion of berserk rage {unknown}
 h - a potion of curing {unknown}
 m - 2 potions of invisibility
Books
 t - a book of Battle

   Spells                             Type                      Level
   a - Infusion                       Charms                       1
   b - Shroud of Golubria             Charms/Translocation         2
   c - Song of Slaying                Charms                       2
   d - Spectral Weapon                Hexes/Charms                 3
   e - Regeneration                   Charms/Necromancy            3
Comestibles
 c - 3 bread rations
 k - 4 meat rations
 n - a beef jerky


   Skills:
 - Level 4.0 Fighting
 + Level 2.4 Long Blades
 - Level 0.8 Armour
 - Level 1.1 Dodging
 - Level 1.5 Unarmed Combat
 - Level 2.4 Spellcasting
 - Level 3.6 Charms


You had 4 spell levels left.
You knew the following spells:

 Your Spells              Type           Power        Failure   Level  Hunger
a - Infusion              Chrm           ##..         14%         1    #......
b - Shroud of Golubria    Chrm/Tloc      #.........   43%         2    ###....


Dungeon Overview and Level Annotations

Branches:
Dungeon (4/15)
 Temple: D:4-7

Altars:
Kikubaaqudgha
Nemelex Xobeh
Sif Muna

Annotations:
D:3 markt42's ghost, amateur GrFi
D:4 Eustachio


Message History

It is a scroll of identify.
e - 2 potions of cancellation
As you read the scroll of identify, it crumbles to dust.
m - 2 potions of invisibility Your surroundings suddenly seem different.
All of the chunks of flesh in your inventory have rotted away.
An ogre comes into view. It is wielding a giant spiked club.
Casting: Infusion
Confirm with . or Enter, or press ? or * to list all spells.
You begin infusing your attacks with magical energy.
The ogre hits you with a giant spiked club!
You slash the ogre!
The ogre is heavily wounded.
You are feeling hungry.
You block the ogre's attack.
You completely miss the ogre.
The ogre is heavily wounded.
The ogre hits you with a giant spiked club!!
Ouch! That really hurt!
You die... ## #. #.#O################# #...@................ ###.################# #. #. #. #. #. ..

You could see an ogre.

Vanquished Creatures
  A worker ant (D:4)
  3 adders
  An orc (D:3)
  3 giant cockroaches
  5 goblins
  4 hobgoblins
  A quokka (D:2)
  7 bats
  2 frilled lizards
  2 kobolds (D:2)
  8 rats
37 creatures vanquished.

Notes
Turn   | Place    | Note
-------+----------+-------------------------------------------
     0 | D:1      | empire the High Elf Skald began the quest for the Orb.
     0 | D:1      | Reached XP level 1. HP: 14/14 MP: 4/4
   244 | D:1      | Reached XP level 2. HP: 20/20 MP: 6/6
   678 | D:1      | Reached skill level 3 in Fighting
  1149 | D:2      | Learned a level 2 spell: Shroud of Golubria
  1343 | D:2      | Reached XP level 3. HP: 26/26 MP: 5/7
  1947 | D:2      | Reached skill level 4 in Fighting
  2290 | D:3      | Found a sparkling altar of Nemelex Xobeh.
  2290 | D:3      | Found a deep blue altar of Sif Muna.
  2292 | D:3      | Found an ancient bone altar of Kikubaaqudgha.
  2300 | D:3      | Became a worshipper of Sif Muna the Loreminder
  2371 | D:3      | Noticed markt42's ghost (amateur GrFi)
  2412 | D:4      | Noticed Eustachio
  2637 | D:4      | Reached skill level 1 in Long Blades
  2654 | D:4      | Reached XP level 4. HP: 11/33 MP: 3/8
  2910 | D:4      | Noticed an ogre
  2913 | D:4      | Slain by an ogre

Skill      XL: |  1  2  3 |
---------------+----------+-----
Fighting       | 3 4 |  4.0
Long Blades    | 2 |  2.4
Armour         | |  0.8
Dodging        | |  1.1
Unarmed Combat | |  1.5
Spellcasting   | |  2.4
Charms         | |  3.6

Action                   |  1- 3 |  4- 6 || total
-------------------------+-------+-------++-------
Melee: Unarmed           |   112 |       ||   112
       Long sword        |    23 |     2 ||    25
       Morningstar       |    19 |       ||    19
 Cast: Infusion          |     7 |     1 ||     8
  Use: Scroll            |       |     4 ||     4
  Eat: Chunk             |     5 |     1 ||     6
Armor: Leather armour    |    20 |       ||    20
       Ring mail         |    37 |       ||    37
Dodge: Dodged            |    91 |       ||    91
Block: Other             |    25 |     1 ||    26
       Reflection        |     1 |       ||     1
       Rpst.: Long sword |     6 |       ||     6
